 Dungeon Crawl Stone Soup version 0.29.0-13-gc9e81de378 (webtiles) character file.

Game seed: 10032211593645974339

78 funkygono the Firebug (level 4, -5/24 HPs)
             Began as a Gargoyle Fire Elementalist on Sept 9, 2022.
             Slain by a gnoll
             ... wielding a +1 vampiric halberd
              (9 damage)
             ... on level 2 of the Dungeon.
             The game lasted 00:01:55 (1061 turns).

funkygono the Firebug (Gargoyle Fire Elementalist)  Turns: 1061, Time: 00:01:56

Health: -5/24      AC:  6    Str: 11    XL:     4   Next: 36%
Magic:  2/8        EV: 12    Int: 18    God:
Gold:   36         SH:  0    Dex: 10    Spells: 2/8 levels left

rFire   . . .      SeeInvis .   c - +0 whip
rCold   . . .      Faith    .   (no shield)
rNeg    + . .      Spirit   .   a - +0 robe
rPois   ∞          Reflect  .   e - +0 helmet
rElec   +          Harm     .   (no cloak)
rCorr   .          Rampage  .   (no gloves)
Will    .....                   (no boots)
Stlth   ++........              (no amulet)
HPRegen 0.08/turn               (no ring)
MPRegen 0.11/turn               (no ring)

@: no status effects
A: sickness immunity, AC +3, negative energy resistance 1, electricity
resistance, torment resistance 1, petrification resistance
a: no special abilities


You were on level 2 of the Dungeon.
You visited 1 branch of the dungeon, and saw 2 of its levels.

You collected 36 gold pieces.

Inventory:

Hand Weapons
 c - a +0 whip (weapon)
 d - a +0 flail
Armour
 a - a +0 robe (worn)
 e - a +0 helmet (worn)
Scrolls
 f - a scroll of identify {unknown}
Potions
 b - a potion of magic


   Skills:
 + Level 0.1 Fighting
 + Level 1.9 Dodging
 - Level 2.1 Stealth
 + Level 2.7 Spellcasting
 + Level 1.5 Conjurations
 + Level 4.1 Fire Magic


You had 2 spell levels left.
You knew the following spells:

 Your Spells              Type           Power      Damage    Failure   Level
a - Foxfire               Conj/Fire      48%        2x1d6     5%          1
b - Scorch                Fire           34%        2d6       4%          2
c - Conjure Flame         Conj/Fire      12%        6-21      16%         3

Your spell library contained the following spells:

 Spells                   Type           Power      Damage    Failure   Level
 Inner Flame              Hex/Fire       10%        N/A       22%         3
 Flame Wave               Conj/Fire      12%        2d6       45%         4


Dungeon Overview and Level Annotations

Branches:
Dungeon (1/15)

Altars:


Innate Abilities, Weirdness & Mutations

You are immune to sickness and miasma.
Your stone body is resilient. (AC +3)
You are immune to poison.
You resist negative energy. (rN+)
You are resistant to electric shocks. (rElec)
You are resistant to unholy torment.
You are immune to petrification.


Message History

Confirm with . or Enter, or press ? or * to list all spells.
You conjure some foxfire!
The gnoll hits you from afar with a +1 vampiric halberd!
An endoplasm comes into view.
The foxfire hits the gnoll.
The gnoll is lightly wounded.
The foxfire hits the gnoll.
The gnoll is moderately wounded.
The gnoll hits you from afar with a +1 vampiric halberd!
* * * LOW HITPOINT WARNING * * *
The gnoll hits you from afar with a +1 vampiric halberd.
* * * LOW HITPOINT WARNING * * *
There is an open door here.
Casting: Foxfire (safe; 5% risk of failure)
Confirm with . or Enter, or press ? or * to list all spells.
You conjure some foxfire!
The gnoll closely misses you.
Unknown command.
The foxfire hits the gnoll but does no damage.
The gnoll is moderately wounded.
The foxfire hits the gnoll.
The gnoll is severely wounded.
Casting: Foxfire (safe; 5% risk of failure)
Confirm with . or Enter, or press ? or * to list all spells.
You don't have enough magic to cast this spell.
Casting: Foxfire (safe; 5% risk of failure)
Confirm with . or Enter, or press ? or * to list all spells.
You don't have enough magic to cast this spell.
A gnoll is nearby!
Casting: Foxfire (safe; 5% risk of failure)
Confirm with . or Enter, or press ? or * to list all spells.
You conjure some foxfire!
The foxfire hits the gnoll but does no damage.
The gnoll is heavily wounded.
The foxfire hits the gnoll.
The gnoll is almost dead.
Casting: Foxfire (safe; 5% risk of failure)
Confirm with . or Enter, or press ? or * to list all spells.
You conjure some foxfire!
The gnoll hits you from afar with a +1 vampiric halberd!
You die...

## ############ ### ##
.# #..........# ##.##
##. .#
#......vv#.#####...###..
.#
#.##...@.g.J...........#
J#
#.##..##.##.####...###..
.# #.##..##.##.# ##.##
### .# #.........#.# #.#
.#### #.###.##..#.# #.#
....# #.# #.##..#.#
##+## .##.#
#.###.......####...##
.##.#
#.............#.....##
....##
#######†#.###........##


You could see a gnoll (ally target) and an endoplasm.

Vanquished Creatures
  Jessica (D:2)
  2 adders (D:2)
  A gnoll (D:2)
  2 ball pythons (D:2)
  3 bats
  5 endoplasms
  A giant cockroach (D:2)
  A hobgoblin (D:1)
  A frilled lizard (D:2)
  3 kobolds
  5 rats
25 creatures vanquished.

Vanquished Creatures (others)
  73 foxfires
73 creatures vanquished.

Grand Total: 98 creatures vanquished

Notes
Turn   | Place    | Note
-------+----------+-------------------------------------------
     0 | D:1      | funkygono the Gargoyle Fire Elementalist began the quest
                  | for the Orb.
     0 | D:1      | Reached XP level 1. HP: 10/10 MP: 3/3
   205 | D:1      | You fall into a shaft and drop 1 floor!
   237 | D:2      | Reached XP level 2. HP: 15/15 MP: 0/5
   717 | D:2      | Reached XP level 3. HP: 14/19 MP: 3/6
   720 | D:2      | Learned a level 2 spell: Scorch
   724 | D:2      | Learned a level 3 spell: Conjure Flame
   965 | D:2      | Noticed Jessica
   977 | D:2      | Killed Jessica
   978 | D:2      | Reached skill level 4 in Fire Magic
   978 | D:2      | Reached XP level 4. HP: 24/24 MP: 0/8
  1017 | D:2      | HP: 1/24 [gnoll/+1 vampiric halberd (3)]
  1061 | D:2      | Slain by a gnoll

Illustrated notes

Levels and vault maps discovered:
D:1:      shiori_arrival_whats_in_store_for_you, layout_basic
D:2:      layout_loops_corners, basic_altar, uniq_jessica

Skill      XL: |  1  2  3 |
---------------+----------+-----
Fire Magic     | 4 |  4.1
Fighting       | |  0.1
Dodging        | |  1.9
Stealth        | |  2.1
Spellcasting   | |  2.7
Conjurations   | |  1.5

Action                   |  1- 3 |  4- 6 || total
-------------------------+-------+-------++-------
Melee: Whip              |    13 |     3 ||    16
 Cast: Foxfire           |    38 |     7 ||    45
       Scorch            |     1 |       ||     1
Armor: Robe              |     8 |     3 ||    11
Dodge: Dodged            |    24 |     8 ||    32
